 Dungeon Crawl Stone Soup version 0.19-a0-1920-g83281cb (webtiles) character file.

85 varam the Ruffian (level 4, 44/44 HPs)
             Began as a Troll Monk on Oct 23, 2016.
             Was a Believer of Sif Muna.
             Quit the game on level 3 of the Dungeon.
             The game lasted 00:02:00 (1143 turns).

varam the Ruffian (Troll Monk)                      Turns: 1143, Time: 00:02:00

Health: 44/44      AC:  5    Str: 19    XL:     4   Next: 25%
Magic:  3/3        EV: 10    Int:  6    God:    Sif Muna [**....]
Gold:   142        SH:  0    Dex: 13    Spells: 0 memorised, 3 levels left

rFire  . . .     SeeInvis .       - Unarmed
rCold  . . .     Gourm    +     a - +0 robe
rNeg   . . .     Faith    .     (no shield)
rPois  .         Spirit   .     (helmet restricted)
rElec  .         Reflect  .     (no cloak)
rCorr  .         Harm     .     (gloves unavailable)
MR     .....                    (boots unavailable)
Stlth  ++........               (no amulet)
                                (no ring)
                                (no ring)

@: no status effects
A: unfitting armour, claws 3, fast metabolism 3, gourmand, regeneration 1,
shaggy fur 1, tough skin 2
a: Divine Energy, Renounce Religion


You were on level 3 of the Dungeon.
You worshipped Sif Muna.
Sif Muna was pleased with you.
You were full.

You visited 1 branch of the dungeon, and saw 3 of its levels.

You collected 142 gold pieces.

Inventory:

Missiles
 c - 87 stones (quivered)
Armour
 a - a +0 robe (worn)
 e - a +0 cloak
Jewellery
 j - an uncursed amulet of rage {unknown}
 m - an uncursed ring of magical power {unknown}
Scrolls
 d - 3 scrolls of amnesia {unknown}
 f - a scroll of noise {unknown}
 g - a scroll of blinking {unknown}
 h - 2 scrolls of remove curse {unknown}
 i - 3 scrolls of identify {unknown}
 k - a scroll of enchant armour {unknown}
Potions
 l - 2 potions of curing {unknown}
 n - a potion of agility {unknown}
Comestibles
 b - 3 bread rations


   Skills:
 - Level 2.4 Fighting
 - Level 2.4 Dodging
 - Level 1.0 Stealth
 + Level 5.1 Unarmed Combat


You had 3 spell levels left.
You didn't know any spells.

Dungeon Overview and Level Annotations

Branches:
Dungeon (3/15)

Altars:
Sif Muna


Innate Abilities, Weirdness & Mutations

You are too large for most types of armour.
You have claws for hands.
Your metabolism is lightning-fast.
You like to eat raw meat.
Your natural rate of healing is unusually fast.
You are covered in fur. (AC +1)
You have very tough skin. (AC +2)


Message History

Found a faded altar of an unknown god.
You claw the bat!
You kill the bat!
The kobold barely misses you.
Found 4 gold pieces.
You see here a bat corpse.
You closely miss the kobold. The kobold barely misses you.
You barely miss the kobold. The kobold hits you with a dagger.
You scratch the kobold.
You kill the kobold!
No target in view!
There is a faded altar of an unknown god here.
Unknown command.
Press < or > to pray at altars.
You cannot tell which god this altar belongs to.
Convert to them anyway?
Sif Muna accepts your prayer! Sif Muna welcomes you!
You can now request divine energy to cast spells with insufficient magic.
Sif Muna is protecting you from the effects of miscast magic.
Are you sure you want to abandon this character and quit the game? (Confirm with "yes".)

#<# #. #.# #.
#.# #. #.#
##.####†#
#.$....)#
#...8...##
#..8.8...#
#.8.@.8[.#
......8.8...#
..##...8.....#
. ...........#
..######.###.#
. #.# .# .# #
.#


There were no monsters in sight!

Vanquished Creatures
  3 adders (D:2)
  A worm (D:2)
  2 dart slugs
  A leopard gecko (D:2)
  A ball python (D:2)
  7 bats
  6 giant cockroaches
  7 goblins
  2 hobgoblins
  2 jackals (D:2)
  4 kobolds
  11 frilled lizards
  2 rats (D:1)
49 creatures vanquished.

Notes
Turn   | Place    | Note
-------+----------+-------------------------------------------
     0 | D:1      | varam the Troll Monk began the quest for the Orb.
     0 | D:1      | Reached XP level 1. HP: 22/22 MP: 0/0
   100 | D:1      | Reached XP level 2. HP: 25/29 MP: 1/1
   354 | D:2      | Reached skill level 4 in Unarmed Combat
   433 | D:2      | Reached XP level 3. HP: 36/36 MP: 2/2
   846 | D:2      | Reached XP level 4. HP: 43/44 MP: 3/3
   961 | D:2      | Reached skill level 5 in Unarmed Combat
  1133 | D:3      | Found a faded altar of an unknown god.
  1143 | D:3      | Became a worshipper of Sif Muna the Loreminder
  1143 | D:3      | Reached * piety under Sif Muna
  1143 | D:3      | Reached ** piety under Sif Muna
  1143 | D:3      | Quit the game

Vault maps used:
D:1:      dpeg_arrival_rooms_b, dk_noncrumbling_4
D:2:      minmay_lizard_king
D:3:      ecumenical_altar_2

Skill      XL: |  1  2  3  4 |
---------------+-------------+-----
Unarmed Combat | 4 5 |  5.1
Fighting       | |  2.4
Dodging        | |  2.4
Stealth        | |  1.0

Action                   |  1- 3 |  4- 6 || total
-------------------------+-------+-------++-------
Melee: Unarmed           |   119 |    23 ||   142
 Stab: Sleeping          |     3 |       ||     3
       Distracted        |     1 |       ||     1
  Eat: Chunk             |    12 |       ||    12
Armor: Robe              |    52 |     4 ||    56
Dodge: Dodged            |    52 |    12 ||    64
